 Dungeon Crawl Stone Soup version 0.17-a0-2215-g49c1de0 (webtiles) character file.

2488 mrath the Magician (level 9, -6/51 HPs)
             Began as a Gargoyle Earth Elementalist on Oct 28, 2015.
             Was a Follower of Vehumet.
             Mangled by a komodo dragon (15 damage)
             ... on level 8 of the Dungeon.
             The game lasted 01:36:21 (10704 turns).

mrath the Magician (Gargoyle Earth Elementalist)   Turns: 10704, Time: 01:36:22

Health: -6/51      AC: 16    Str: 13    XL:     9   Next: 52%
Magic:  5/20       EV: 18    Int: 18    God:    Vehumet [*.....]
Gold:   279        SH:  0    Dex: 15    Spells: 4 memorised, 11 levels left

rFire  . . .     SeeInvis +     C - +2 trident (protect)
rCold  . . .     Clarity  .     F - +2 robe {MR+}
rNeg   + . .     SustAt   .     (no shield)
rPois  ∞         Gourm    .     (no helmet)
rElec  +         Spirit   .     k - +0 cloak
rCorr  .         Warding  .     q - +0 pair of gloves
rMut   .         Stasis   .     (no boots)
MR     +....                    (no amulet)
Stlth  +++.......               L - ring of see invisible
                                n - ring of flight

@: agile, somewhat resistant to hostile enchantments, fairly stealthy
A: negative energy resistance 1, electricity resistance, unbreathing,
petrification resistance, rot immunity, AC +5
a: Renounce Religion, Evoke Flight


You were on level 8 of the Dungeon.
You worshipped Vehumet.
Vehumet was aware of your devotion.
You were not hungry.

You visited 2 branches of the dungeon, and saw 9 of its levels.

You collected 279 gold pieces.

Inventory:

Hand Weapons
 e - a +1 spear of pain
 t - a +0 hunting sling
 C - a +2 trident of protection (weapon)
 G - a +3 morningstar
 K - a +1 flail of holy wrath
Missiles
 a - 98 stones (quivered)
Armour
 k - a +0 cloak (worn)
 q - a +0 pair of gloves (worn)
 F - a +2 robe of magic resistance (worn)
Jewellery
 n - a ring of flight (left hand)
 L - a ring of see invisible (right hand)
Wands
 b - a wand of fire (7)
Scrolls
 g - 3 scrolls of enchant armour {unknown}
 h - a scroll of remove curse
 l - 4 scrolls of immolation {unknown}
 m - 3 scrolls of identify
 p - 4 scrolls of enchant weapon
 s - 4 scrolls of teleportation
 x - 3 scrolls of recharging {unknown}
 z - 3 scrolls of noise {unknown}
 J - 3 scrolls of blinking {unknown}
 M - 2 scrolls of fog {unknown}
Potions
 o - a potion of agility
 v - 4 potions of curing
 A - 2 potions of haste
 D - 2 potions of brilliance
 I - a potion of resistance {unknown}
Comestibles
 c - 2 chunks of flesh
 d - a bread ration
 f - 15 fruits
 E - 4 meat rations


   Skills:
 + Level 3.5 Fighting
 + Level 3.5 Maces & Flails
 + Level 0.9 Armour
 + Level 3.2 Dodging
 - Level 2.1 Stealth
 * Level 7.3 Spellcasting
 + Level 4.0 Conjurations
 - Level 0.7 Transmutations
 + Level 7.1 Earth Magic
 + Level 3.3 Evocations


You had 11 spell levels left.
You knew the following spells:

 Your Spells              Type           Power        Failure   Level  Hunger
a - Sandblast             Erth           ####..       1%          1    None
b - Stoneskin             Trmt/Erth      ###.....     3%          2    None
c - Stone Arrow           Conj/Erth      ####..       3%          3    #......
d - Lee's Rapid Deconstr  Erth           ####......   21%         5    #####..


Dungeon Overview and Level Annotations

Branches:
Dungeon (8/15)             Temple (1/1) D:7
   Lair: D:8-11

Altars:
Ashenzari
Fedhas
Makhleb
Nemelex Xobeh
Okawaru
Sif Muna
Trog
Vehumet

Shops:
D:7 [

Annotations:
D:5 B1inky's ghost, novice DsFi; Prince Ribbit


Innate Abilities, Weirdness & Mutations

You are resistant to torment.
Your stone body is resilient (AC +5).
You are immune to poison.
You resist negative energy.
You are resistant to electric shocks.
You can survive without breathing.
You are immune to petrification.
You are immune to rotting.


Message History

The komodo dragon closely misses you.
Casting: Sandblast
Confirm with . or Enter, or press ? or * to list all spells.
Aiming: Sandblast
Press: ? - help, Shift-Dir - straight line, f/p - komodo dragon
Aim: a komodo dragon (heavily wounded)
The blast of sand hits the komodo dragon.
The komodo dragon is heavily wounded.
Your skin feels tender.
The komodo dragon bites you!!
* * * LOW HITPOINT WARNING * * *
Casting: Sandblast
Confirm with . or Enter, or press ? or * to list all spells.
Aiming: Sandblast
Press: ? - help, Shift-Dir - straight line, f/p - komodo dragon
Aim: a komodo dragon (heavily wounded)
The blast of sand hits the komodo dragon.
The komodo dragon is heavily wounded.
The komodo dragon bites you!
You die...

.....#..............>....###.....
####.##........#....#..### #.#...
#.##.....#....##...######.#...
#>##..........#...............
#.##.....#...)........###.#...
#.##.#####....#.......#.......
#....# #..............#.#...
##..### ##...l.....#####..#...
.####....###....@.#....###..#####
..................#....#.....#
#####.............#..........#
#####..#####............#....#
#........# ######.......#....###
#........# ###...#........##
#<.......# #...###....#..#
#........# #.♣♣♣ ♣♣♣♣♣♣#.#
#........# #♣♣ ♣♣.♣♣♣♣.#


You could see a komodo dragon.

Vanquished Creatures
  2 black bears
  3 ice beasts
  2 ogres
  A phantom (D:4)
  Blork the orc (D:6)
  A giant frog (D:8)
  A water moccasin zombie (D:7)
  A scorpion (D:4)
  A water moccasin skeleton (D:8)
  8 wights
  5 killer bees (D:7)
  2 crimson imps (D:5)
  2 hounds
  2 orc priests
  9 orc wizards
  A giant frog skeleton (D:5)
  Terence (D:2)
  4 iguanas
  4 worker ants
  4 gnolls
  2 shadow imps
  6 adders
  2 oozes (D:1)
  3 worms
  An adder skeleton (D:4)
  8 giant geckos
  29 orcs
  4 giant cockroaches
  7 goblins
  6 hobgoblins
  7 jackals
  12 kobolds
  3 quokkas
  8 bats
  A giant gecko skeleton (D:6)
  3 giant newts
  A quokka skeleton (D:7)
  A quokka zombie (D:6)
  6 rats
165 creatures vanquished.

Notes
Turn   | Place    | Note
--------------------------------------------------------------
     0 | D:1      | mrath the Gargoyle Earth Elementalist began the quest for the Orb.
     0 | D:1      | Reached XP level 1. HP: 10/10 MP: 3/3
   116 | D:1      | Reached XP level 2. HP: 7/15 MP: 0/5
   599 | D:1      | Learned a level 2 spell: Stoneskin
   620 | D:1      | Reached XP level 3. HP: 17/19 MP: 1/7
   926 | D:1      | Reached skill level 4 in Earth Magic
  1284 | D:2      | Found a faded altar to an unknown god.
  1316 | D:2      | Noticed Terence
  1650 | D:2      | Learned a level 3 spell: Stone Arrow
  1844 | D:2      | Killed Terence
  1844 | D:2      | Reached XP level 4. HP: 17/24 MP: 3/9
  2011 | D:2      | Found an iron altar of Okawaru.
  3000 | D:3      | Reached XP level 5. HP: 28/28 MP: 8/11
  3162 | D:3      | Reached skill level 5 in Earth Magic
  3479 | D:4      | Reached XP level 6. HP: 32/32 MP: 5/13
  3646 | D:4      | Reached skill level 5 in Spellcasting
  4162 | D:4      | Found a shattered altar of Ashenzari.
  4191 | D:4      | Noticed a phantom
  4343 | D:4      | Killed a phantom
  4343 | D:4      | Reached XP level 7. HP: 30/36 MP: 10/15
  4395 | D:4      | Learned a level 5 spell: Lee's Rapid Deconstruction
  4725 | D:4      | Reached skill level 1 in Conjurations
  4965 | D:5      | Entered Level 5 of the Dungeon
  4983 | D:5      | Reached skill level 6 in Earth Magic
  5324 | D:5      | Reached skill level 1 in Fighting
  5324 | D:5      | Reached skill level 1 in Maces & Flails
  5351 | D:5      | Reached skill level 1 in Evocations
  5508 | D:5      | Found a burning altar of Makhleb.
  5879 | D:5      | Noticed B1inky's ghost (novice DsFi)
  6053 | D:5      | Reached XP level 8. HP: 43/43 MP: 13/17
  6997 | D:6      | Noticed Blork the orc
  7026 | D:6      | Killed Blork the orc
  7292 | D:6      | Found a radiant altar of Vehumet.
  7292 | D:6      | Found a bloodstained altar of Trog.
  7296 | D:6      | Became a worshipper of Vehumet
  8017 | D:5      | Noticed Prince Ribbit
  8039 | D:6      | Found a deep blue altar of Sif Muna.
  8269 | D:7      | Reached XP level 9. HP: 40/49 MP: 12/19
  8431 | D:7      | Reached skill level 7 in Earth Magic
  8611 | D:7      | Found Empaseen's Antique Armour Shop.
  8947 | D:7      | Reached * piety under Vehumet
  8947 | D:7      | Offered knowledge of Freeze by Vehumet.
  9421 | D:7      | Found a staircase to the Ecumenical Temple.
  9427 | Temple   | Entered the Ecumenical Temple
  9829 | D:7      | Found a sparkling altar of Nemelex Xobeh.
 10047 | D:8      | Found a blossoming altar of Fedhas.
 10554 | D:8      | Noticed a komodo dragon
 10704 | D:8      | Mangled by a komodo dragon

Vault maps used:
D:1:      saegor_arrival_simple_e
D:2:      ecumenical_altar_1, first_bread, okawaru_gym_becter, uniq_terence
D:4:      evilmike_ruin_ashenzari
D:5:      makhleb_grotto_becter, uniq_prince_ribbit1
D:6:      nicolae_overflow_hidden_temple, gammafunk_temple_overflow_wave,
          uniq_blork_the_orc
D:7:      lemuel_coloured_pillars_altar, minmay_temple_entry_enclosed_plants,
          serial_shops, nicolae_shop_crystal
D:8:      nicolae_overflow_crystal_walls, hangedman_tree_tricks,
          kennysheep_generic_room_16
Temple:   oiseaux_autumnal_temple_12

Action                   |  1- 3 |  4- 6 |  7- 9 || total
-------------------------+-------+-------+-------++-------
Melee: Short sword       |    22 |       |       ||    22
       Hand axe          |    41 |     2 |       ||    43
       Morningstar       |       |       |    11 ||    11
       Trident           |       |       |    81 ||    81
       Flail             |       |       |     3 ||     3
 Fire: Hunting sling     |     2 |     1 |       ||     3
Throw: Stone             |       |       |     5 ||     5
 Cast: Sandblast         |    66 |    83 |   266 ||   415
       Stoneskin         |     2 |     8 |    17 ||    27
       Stone Arrow       |       |       |    12 ||    12
  Use: Scroll            |       |     5 |     8 ||    13
       Potion            |       |       |     1 ||     1
 Stab: Sleeping          |       |       |     1 ||     1
  Eat: Chunk             |     3 |     8 |     7 ||    18
       Pizza             |       |       |     2 ||     2
       Bread ration      |       |       |     2 ||     2
       Beef jerky        |       |       |     1 ||     1
